[Event "Early-Titled-Tuesday-Blitz-October-17-2023"]
[Site "Chess.com"]
[Date "2023.10.17"]
[Round "4"]
[White "wadsy27"]
[Black "Roedor"]
[Result "1-0"]
[WhiteElo "2648"]
[BlackElo "2405"]
[TimeControl "180+1"]
[EndTime "8:42:13 PDT"]
[Termination "wadsy27 won by resignation"]

1. Nf3 Nf6 2. g3 g6 3. Bg2 Bg7 4. O-O O-O 5. c4 d6 6. Nc3 Nc6 7. Rb1 a5 8. a3 e5 9. d3 Nh5 10. b4 axb4 11. axb4 f5 12. b5 Ne7 13. Nd2 f4 14. Nde4 h6 15. Nd5 Nxd5 16. cxd5 Bg4 17. b6 cxb6 18. Re1 Ra2 19. Rb2 Ra1 20. Qb3 Qc7 21. Bd2 Rxe1+ 22. Bxe1 Ra8 23. h3 Ra1 24. hxg4 Rxe1+ 25. Bf1 Qc1 26. Nd2 Nf6 27. Rc2 Qa1 28. Qxb6 fxg3 29. fxg3 Nxg4 30. Qxb7 Qd4+ 31. Kh1 Ne3 32. Rc8+ Kh7 33. Qf7 Qxd5+ 34. Qxd5 Nxd5 35. Kg1 Rd1 36. Nc4 e4 37. dxe4 Bd4+ 38. Kg2 Nf6 39.
Rc7+ Kg8 40. e3 Be5 41. Nxe5 dxe5 42. Be2 Rd2 43. Kf3 Nxe4 44. Bc4+ Kf8 45. Kxe4 Rg2 46. Rf7+ Ke8 47. Rf3 Ke7 48. Kxe5 h5 49. Rf7+ Ke8 50. Ke6 Rxg3 51. e4 Rg4 52. Bd5 h4 53. Rh7 Kf8 54. Kf6 Ke8 55. Be6 Kd8 56. Bxg4 1-0

[Event "Early-Titled-Tuesday-Blitz-October-17-2023"]
[Site "Chess.com"]
[Date "2023.10.17"]
[Round "4"]
[White "JimDiGrease"]
[Black "suyu28"]
[Result "1-0"]
[WhiteElo "2898"]
[BlackElo "2729"]
[TimeControl "180+1"]
[EndTime "8:42:14 PDT"]
[Termination "JimDiGrease won on time"]

1. d4 Nf6 2. c4 e6 3. Bf4 d5 4.
Nc3 dxc4 5. e3 Nd5 6. Bxc4 Nxf4 7. exf4 Bd6 8. Qd2 O-O 9. Nf3 Nd7 10. O-O b6 11.
Qe3 Bb7 12. Ne5 Nf6 13. Rad1 Nd5 14. Qg3 f6 15. Nd3 Qd7 16. Rfe1 Kh8 17. Qg4 f5 18. Qe2 Nxf4 19. Nxf4 Bxf4 20. Bxe6 Qe7 21. Bd5 Qxe2 22. Rxe2 Bxd5 23. Nxd5 Bd6 24. Rc1 Rfe8 25. Kf1 Rxe2 26. Kxe2 Kg8 27. Rc3 c5 28. dxc5 Bxc5 29. b4 Re8+ 30.
Kf3 Bf8 31. Rc7 Re5 32. Rd7 a5 33. a3 axb4 34. axb4 b5 35. g3 h6 36. h3 h5 37.
h4 Re4 38. Rb7 Bxb4 39. Rxb5 Bf8 40. Nf4 Rb4 41. Rxf5 Rb3+ 42. Kg2 Rb2 43. Rxh5 Bd6 44.
Rf5 Bxf4 45. Rxf4 Ra2 46. Kh3 Rb2 47. h5 Kh7 48. Kh4 Kh6 49. g4 Rb4 50. Rxb4 1-0

[Event "Early-Titled-Tuesday-Blitz-October-17-2023"]
[Site "Chess.com"]
[Date "2023.10.17"]
[Round "4"]
[White "Sanyura"]
[Black "attack2mateU"]
[Result "0-1"]
[WhiteElo "2538"]
[BlackElo "2728"]
[TimeControl "180+1"]
[EndTime "8:42:16 PDT"]
[Termination "attack2mateU won on time"]

1. Nf3 c5 2. g3 Nc6 3. d3 d5 4.
Bg2 e5 5. O-O Be7 6. e4 d4 7.
Nbd2 Be6 8. a4 h5 9. b3 h4 10.
Nc4 Qc7 11. Ng5 Bxg5 12. Bxg5 f6 13. Bd2 hxg3 14. hxg3 O-O-O 15. f4 Nh6 16. f5 Bxc4 17. bxc4 a5 18. Bf3 Nf7 19. Kg2 Nb4 20. Bxb4 cxb4 21.
Bh5 Nd6 22. Qg4 Rh6 23. Rh1 Rdh8 24. Rh4 b6 25. Rah1 Nb7 26. Bg6 Rxh4 27. Rxh4 Rxh4 28. Qxh4 Qe7 29. Qh8+ Kc7 30. Qa8 Qd8 31. Qa6 Qd7 32. g4 Qxa4 33. Bf7 Qxc2+ 34. Kh3 Qxd3+ 35. Kh4 Qe2 36. Kg3 Qe3+ 37. Kh2 Qf2+ 38. Kh3 Qf3+ 39. Kh2 Qe2+ 40.
Kh3 Qf1+ 41. Kh2 Qf4+ 42. Kh3 Qh6+ 43. Kg3 Qh8 44. Bd5 Qb8 45. Qb5 Nc5 46. Qc6+ Kd8 47. Bf7 Nd7 48. Qe6 b3 49. Be8 Qc7 50. Qg8 Qd6 51. Bxd7+ Kxd7 52. Qf7+ Kc6 53. Qe8+ Kb7 54.
Qf7+ Qc7 0-1

[Event "Early-Titled-Tuesday-Blitz-October-17-2023"]
[Site "Chess.com"]
[Date "2023.10.17"]
[Round "4"]
[White "Mr_ruthless"]
[Black "ChesscularGodofchess"]
[Result "1/2-1/2"]
[WhiteElo "2461"]
[BlackElo "2201"]
[TimeControl "180+1"]
[EndTime "8:42:20 PDT"]
[Termination "Game drawn by repetition"]

1. e4 c5 2. Nf3 d6 3. d4 cxd4 4.
Nxd4 Nf6 5. f3 Nc6 6. c4 e6 7. Nc3 Be7 8. Be3 a6 9. Be2 Bd7 10. O-O O-O 11. Rc1 Rb8 12. Qd2 Ne5 13. Rfd1 Qc7 14. b3 Rfd8 15. Kh1 Qa5 16. Nd5 Qxd2 17. Nxe7+ Kf8 18. Rxd2 Kxe7 19. Rcd1 Ne8 20. f4 Nc6 21. Bf3 Nxd4 22. Bxd4 Bc6 23. Bb6 Rd7 24. Kg1 Nf6 25.
Rxd6 Rxd6 26. Bc5 Rd8 27. e5 Bxf3 28. Rxd6 Rxd6 29. Bxd6+ Kd7 30. gxf3 Nh5 31. Bf8 Nxf4 32. Bxg7 Ne2+ 33. Kf2 Nc1 34. Ke3 Nxa2 35. Bf8 Nc1 36. b4 Nb3 37. h4 b6 38. h5 a5 39. bxa5 bxa5 40. Kf4 Kc6 41. Kg5 Nc5 42. Kh6 a4 43. Kxh7 a3 44. Kg8 a2 45. h6 a1=Q 46. h7 Qxe5 47. Bg7 Qb8+ 48. Kxf7 Qc7+ 49. Kg6 Qg3+ 50. Kh6 Qf4+ 51. Kg6 Qf5+ 52. Kh6 Qh3+ 53. Kg6 Qf5+ 54.
Kh6 Qh3+ 55. Kg6 Qf5+ 1/2-1/2

[Event "Early-Titled-Tuesday-Blitz-October-17-2023"]
[Site "Chess.com"]
[Date "2023.10.17"]
[Round "4"]
[White "UK_23"]
[Black "AlexPapasimakopoulos"]
[Result "1-0"]
[WhiteElo "2427"]
[BlackElo "2677"]
[TimeControl "180+1"]
[EndTime "8:42:21 PDT"]
[Termination "UK_23 won on time"]

1. e4 e6 2. d4 d5 3. exd5 exd5 4.
Nf3 Bg4 5. h3 Bh5 6. Qe2+ Qe7 7.
Be3 Nc6 8. Nc3 O-O-O 9. O-O-O f6 10. g4 Bf7 11. Kb1 Qd7 12. Qb5 Kb8 13. Bg2 Nge7 14. Nd2 Nc8 15. Nb3 a6 16. Qe2 Nb6 17. Nc5 Qc8 18. b3 h5 19. Qf3 Ne7 20. a4 Nd7 21. Nd3 Ka7 22. Nf4 c6 23. Nxh5 Bxh5 24.
gxh5 a5 25. Bf4 Nb8 26. Kb2 Na6 27. Rhe1 Nb4 28. Qg4 Qf5 29. Qxf5 Nxf5 30. Bf3 Nh4 31. Bg4 Bd6 32. Bxd6 Rxd6 33. Re7 f5 34. Be2 g6 35. Rg1 f4 36. hxg6 Rxg6 37. Rxg6 Nxg6 38. Rg7 Nh4 39. Bg4 Ng2 40. Na2 Nxa2 41. Kxa2 Re8 42. Rf7 Kb6 43. Kb2 Ka6 44. Bf3 Nh4 45. Bg4 Kb6 46. Rxf4 Rh8 47.
Rf7 Ng2 48. f4 Ne3 49. f5 Rg8 50. f6 Nxg4 51. hxg4 Rxg4 52. Rg7 Rxd4 53. f7 Rf4 54. Kc3 Kc5 55. Kd3 b5 56. c3 bxa4 57. bxa4 Rf6 58. Rh7 Rf3+ 59. Ke2 Rf4 60. Ke3 Rf1 61. Ke2 Rf6 62.
Ke3 Kc4 63. Rh4+ 1-0

[Event "Early-Titled-Tuesday-Blitz-October-17-2023"]
[Site "Chess.com"]
[Date "2023.10.17"]
[Round "4"]
[White "kingapolak"]
[Black "BasilSmash"]
[Result "1-0"]
[WhiteElo "2158"]
[BlackElo "2341"]
[TimeControl "180+1"]
[EndTime "8:42:21 PDT"]
[Termination "kingapolak won on time"]

1. e4 e5 2. Nf3 Nc6 3. Bb5 a6 4. Ba4 Nf6 5. O-O Be7 6. Re1 b5 7. Bb3 O-O 8. h3 d6 9. c3 Nb8 10. d4 Nbd7 11. Nbd2 Bb7 12. Bc2 Re8 13. b3 Bf8 14.
Bb2 h6 15. a4 g6 16. d5 c6 17. c4 Nc5 18. Nf1 bxc4 19. bxc4 a5 20. Ng3 Nfd7 21. Nd2 cxd5 22. cxd5 Ba6 23. Nb3 Qb6 24. Bc3 Nxb3 25. Bxb3 Nc5 26. Bc2 Rab8 27. Qd2 Qa7 28. Bxa5 Rec8 29. Rec1 h5 30. h4 Kh7 31.
Qe1 Bh6 32. Bd2 Bg7 33. Kh2 Bd3 34. Bd1 Qa6 35. Qe3 Rb2 36. Bc3 Rb7 37. Qe1 Rbc7 38. Bd2 Kg8 39. f3 Kh7 40. Be2 Nb3 41. Rxc7 Rxc7 42.
Ra3 Bxe2 43. Nxe2 Nc5 44. a5 Rb7 45. Qa1 Bh6 46. Bxh6 Kxh6 47. Ng3 Kg7 48. Qc1 Rb5 49. Qc3 Kf8 50. Ne2 Ke7 51. f4 Rb7 52. fxe5 Qxe2 53. exd6+ Kxd6 54. Qf6+ Kc7 55. Qxf7+ Nd7 56.
Qf4+ 1-0

[Event "Early-Titled-Tuesday-Blitz-October-17-2023"]
[Site "Chess.com"]
[Date "2023.10.17"]
[Round "4"]
[White "Thormento16"]
[Black "MFatigue"]
[Result "0-1"]
[WhiteElo "2310"]
[BlackElo "2547"]
[TimeControl "180+1"]
[EndTime "8:42:22 PDT"]
[Termination "MFatigue won on time"]

1. e4 e6 2. d4 d5 3. Nd2 Nf6 4. e5 Nfd7 5. Bd3 c5 6. c3 Nc6 7. Ne2 cxd4 8. cxd4 f6 9. Nf4 Nxd4 10. Qh5+ Ke7 11.
Ng6+ hxg6 12. exf6+ Nxf6 13. Qxh8 Kf7 14. Qh4 e5 15. Nf3 Nxf3+ 16. gxf3 Bf5 17. Bxf5 gxf5 18.
Bg5 Qa5+ 19. Kf1 Qb6 20. Kg2 Be7 21. Rac1 d4 22. Rhe1 Ke6 23. Qg3 Bd6 24. Bf4 Qb5 25.
a4 Qd5 26. b4 b6 27. b5 Re8 28. Rc6 Kf7 29. Bg5 Nh5 30. Qh3 g6 31. Rec1 e4 32. fxe4 Rxe4 33. f3 Re2+ 34. Kg1 d3 35. f4 Qd4+ 36.
Kh1 Qe4+ 37. Kg1 Re1+ 38. Rxe1 Qxe1+ 39. Qf1 Bc5+ 40. Rxc5 Qxf1+ 41. Kxf1 bxc5 42. a5 Ng7 43. b6 axb6 44. a6 Ne6 45. a7 Nc7 46. Bd8 Na8 47.
Ke1 c4 48. Kd2 Ke6 49. h4 Kd5 50. Bf6 b5 51. Ke3 b4 52. Bg7 Kc5 53. Bf8+ Kb5 54. Bg7 Ka4 55. Kd2 Kb3 56. Be5 Ka2 57. Bd4 b3 58. Kc1 d2+ 59. Kxd2 b2 60. Bxb2 Kxb2 0-1

[Event "Early-Titled-Tuesday-Blitz-October-17-2023"]
[Site "Chess.com"]
[Date "2023.10.17"]
[Round "4"]
[White "rasmussvane"]
[Black "Mesa_1"]
[Result "1-0"]
[WhiteElo "2987"]
[BlackElo "2587"]
[TimeControl "180+1"]
[EndTime "8:42:23 PDT"]
[Termination "rasmussvane won by resignation"]

1. Nf3 Nf6 2. g3 g6 3. Bg2 Bg7 4. O-O O-O 5. d4 d6 6. Re1 Nc6 7. d5 Nb4 8. e4 a5 9. Nc3 e6 10.
a3 Na6 11. dxe6 Bxe6 12. Nd4 Bd7 13. Bf4 Re8 14. Qd2 Nc5 15. Rad1 Ne6 16. Nxe6 Bxe6 17. Bh6 Bxh6 18. Qxh6 Qe7 19. Qg5 Nd7 20. Qd2 Nb6 21.
f4 Bg4 22. Rb1 a4 23. h3 Bd7 24. Rbd1 Bc6 25. Qd4 h5 26. Kh2 h4 27. g4 g5 28. e5 gxf4 29. Bxc6 bxc6 30. Qxf4 dxe5 31. Qh6 Qe6 32. Qxh4 Kg7 33. Ne4 Rh8 34. Qg5+ Kf8 35. Nc5 Qh6 36. Qxh6+ Rxh6 37. Rxe5 Rd6 38. Nd3 Nc4 39. Rf5 Re8 40. Rf2 Ne3 41. Rc1 Nxc2 42. Rcxc2 Rxd3 43. Rxc6 Ree3 44. Rxc7 Rxh3+ 45. Kg1 Rdg3+ 46. Kf1 Rxg4 47. Rfxf7+ Kg8 48. Rfd7 Rf4+ 49. Kg2 Re3 50.
Rg7+ Kh8 51. Rh7+ Kg8 52. Rcg7+ Kf8 53. Ra7 Kg8 54. Rhb7 Re8 55. Kg3 Rf6 56. Rxa4 Rg6+ 57. Rg4 Re3+ 58. Kf4 Re4+ 59. Kxe4 1-0

[Event "Early-Titled-Tuesday-Blitz-October-17-2023"]
[Site "Chess.com"]
[Date "2023.10.17"]
[Round "4"]
[White "tarno17"]
[Black "emeli_chess"]
[Result "0-1"]
[WhiteElo "2133"]
[BlackElo "2403"]
[TimeControl "180+1"]
[EndTime "8:42:24 PDT"]
[Termination "emeli_chess won on time"]

1. e4 c5 2. Nf3 d6 3. Bb5+ Nd7 4. O-O a6 5. Bxd7+ Bxd7 6. d4 cxd4 7. Nxd4 Nf6 8. Nc3 e6 9. Bg5 Be7 10. Qf3 O-O 11.
Rfe1 b5 12. a3 h6 13. Bh4 Nh7 14. Bg3 Rc8 15. Rad1 Qb6 16. Qh5 Qc5 17. Qxc5 Rxc5 18. Nb3 Rc6 19. Na5 Rb6 20. Rd2 Nf6 21. Red1 Ne8 22.
f3 f5 23. exf5 Rxf5 24. Ne4 d5 25. Nc3 Bd6 26. Ne2 Bxg3 27. Nxg3 Rf8 28. Re1 Nd6 29. Nb3 Nc4 30. Rde2 Nxb2 31. Nc5 Bc8 32. Nxe6 Bxe6 33. Rxe6 Rxe6 34. Rxe6 Rc8 35. Rxa6 Rxc2 36. Rd6 Nd3 37. h3 Nf4 38. Nf5 Rxg2+ 39. Kf1 Ra2 40. Rd7 g5 41. Nxh6+ Kf8 42. Rf7+ Ke8 43. Rg7 Nxh3 44.
Nf5 Rxa3 45. Nd6+ Kd8 46. Nb7+ Kc8 47. Nd6+ Kb8 48. Nxb5 Rxf3+ 49. Kg2 Rb3 50. Nd6 Nf4+ 51. Kf2 d4 52. Ne4 Ne6 53. Rg8+ Kc7 54. Nxg5 Nc5 55.
Ke2 Kc6 56. Kd2 Kd5 57. Rd8+ Kc4 58. Nf7 Rb2+ 59. Kc1 Re2 0-1

[Event "Early-Titled-Tuesday-Blitz-October-17-2023"]
[Site "Chess.com"]
[Date "2023.10.17"]
[Round "4"]
[White "MDBIchess"]
[Black "jup1978"]
[Result "1/2-1/2"]
[WhiteElo "2380"]
[BlackElo "2547"]
[TimeControl "180+1"]
[EndTime "8:42:28 PDT"]
[Termination "Game drawn by agreement"]

1. Nf3 d5 2. d4 e6 3. e3 Nf6 4.
Bd3 b6 5. O-O Bd6 6. b3 O-O 7.
Bb2 Ba6 8. Nbd2 Bxd3 9. cxd3 Nbd7 10. Qe2 c5 11. Rac1 Qe7 12. Ne5 cxd4 13. exd4 Rfc8 14. Ndf3 h6 15. Nc6 Qf8 16. Nfe5 Rc7 17. Rc2 Rac8 18. Rfc1 a6 19. g3 Qe8 20. Kg2 Bf8 21. Na7 Rxc2 22. Rxc2 Rxc2 23. Qxc2 Qb8 24. Nac6 Qb7 25. a4 Nxe5 26. dxe5 Nd7 27. d4 b5 28. axb5 Qxb5 29.
Nd8 Qb8 30. Nc6 Qb6 31. Bc1 Nb8 32. Nxb8 Qxb8 33. Be3 Be7 34. Qa2 Qb5 35. Qa4 Kf8 36. Qxb5 axb5 37. Kf1 Bb4 38. Ke2 h5 39. Kd3 Ke7 40. f4 f6 41. Bd2 Bxd2 42. Kxd2 b4 43. Ke3 Kf7 44. Kf3 Kg6 45. h3 fxe5 46. fxe5 Kg5 47. Ke3 Kf5 48. Kf3 Kg5 49. Ke3 Kf5 50. Kf3 g5 51. g4+ Kg6 52. Kg3 h4+ 53. Kf3 Kf7 54. Kf2 Ke7 55. Ke3 Kd7 56. Ke2 Kc7 57.
Kd3 Kb7 58. Kd2 Kb6 59. Kc2 Kb7 60. Kb2 Kc7 61. Ka2 Kb6 62. Ka1 Kb7 63. Kb1 Kc7 64.
Kc1 Kb6 65. Kd1 Kb7 66. Ke1 Kc7 1/2-1/2

[Event "Early-Titled-Tuesday-Blitz-October-17-2023"]
[Site "Chess.com"]
[Date "2023.10.17"]
[Round "4"]
[White "Lion-Al-Messi"]
[Black "K_A_S_T_O_R"]
[Result "0-1"]
[WhiteElo "2657"]
[BlackElo "2870"]
[TimeControl "180+1"]
[EndTime "8:42:30 PDT"]
[Termination "K_A_S_T_O_R won by resignation"]

1. e4 c5 2. Nf3 d6 3. d4 cxd4 4.
Nxd4 Nf6 5. Nc3 a6 6. h3 e6 7. g4 h6 8. Bg2 Be7 9. Be3 Nc6 10.
Qe2 Nxd4 11. Bxd4 e5 12. Be3 b5 13. O-O-O b4 14. Nd5 Nxd5 15. exd5 O-O 16. f4 exf4 17. Bxf4 Bf6 18. Qc4 a5 19. Be4 Re8 20. Rhe1 Be5 21. Bxe5 Rxe5 22. Bd3 Ba6 23. Qd4 Qg5+ 24. Kb1 Bxd3 25.
Qxd3 Rae8 26. Rxe5 Rxe5 27. b3 Re3 28. Qb5 Rxh3 29.
Qe8+ Kh7 30. Qxf7 Qxg4 31. Re1 Qf3 32. Qe6 Rh5 33. Qxd6 Rxd5 34. Qe6 Qf5 35. Qe2 Rc5 36. Rf1 Qg6 37. Qf2 Rg5 38. a4 Rg2 39. Qc5 Rg5 40. Qd4 h5 41. Rh1 Qc6 42. Qd3+ Kh6 43. Qh3 Qg2 44. Qh4 Qg4 45. Qe1 Rg6 46. Rf1 Re6 47. Qd2+ Kh7 48. Qd3+ Qg6 49. Qh3 Re2 50. Rc1 Rg2 51. Kb2 Rg3 52. Qh2 Qf6+ 53. Kb1 Qe5 54. Rh1 Rg5 55. Qd2 Qf5 56. Qe2 Qg6 57. Qd2 Rg1+ 58.
Rxg1 Qxg1+ 59. Kb2 Qg6 60. Qf4 Qf6+ 61. Qxf6 gxf6 62.
c3 bxc3+ 63. Kxc3 h4 64. b4 axb4+ 0-1

[Event "Early-Titled-Tuesday-Blitz-October-17-2023"]
[Site "Chess.com"]
[Date "2023.10.17"]
[Round "4"]
[White "Firouzja2003"]
[Black "krzyzan94"]
[Result "1-0"]
[WhiteElo "3080"]
[BlackElo "2797"]
[TimeControl "180+1"]
[EndTime "8:42:32 PDT"]
[Termination "Firouzja2003 won on time"]

1. d4 Nf6 2. c4 e6 3. a3 c5 4. d5 exd5 5. cxd5 d6 6. e4 a6 7. Bd3 g6 8. a4 Bg7 9. Nf3 O-O 10. O-O Bg4 11. Nbd2 Nbd7 12. h3 Bxf3 13. Nxf3 Re8 14. Re1 c4 15. Bxc4 Nxe4 16. Ra3 f5 17. Bf1 Qb6 18.
Be3 Qxb2 19. Rb3 Qa2 20. Rxb7 Ndc5 21. Rxg7+ Kxg7 22. Qd4+ Kg8 23. Bh6 Re7 24. Ng5 Qxa4 25. Qxa4 Nxa4 26. f3 Nxg5 27. Rxe7 Nf7 28. Bd2 a5 29. Bb5 Nc5 30. Bc6 Rb8 31. Bxa5 Nd3 32. Bc3 f4 33. Bf6 Nfe5 34. Bxe5 Nxe5 35. Re6 Nd3 36. Kf1 Rd8 37. Ke2 Ne5 38. Rf6 g5 39. Rf5 h6 40. h4 Nf7 41. hxg5 hxg5 42. Rf6 Kg7 43. Re6 Ne5 44. Kd2 Kf7 45. Bb5 Rb8 46. Be2 Rd8 47. Kc3 Ng6 48. Kd4 Ne7 49. Bd3 Ra8 50.
Rxd6 Ra4+ 51. Ke5 Ra2 52. Rh6 Rxg2 53. Rh7+ Ke8 54. d6 Nc6+ 55. Kd5 Nb4+ 56. Ke6 Kf8 57. d7 Nc6 58. Rh8+ Kg7 59. Rc8 Rd2 60. Rxc6 Rxd3 61.
Ke7 Re3+ 62. Re6 Rxe6+ 63. Kxe6 g4 64. d8=Q gxf3 65. Qg5+ Kh7 66. Kf7 1-0

[Event "Early-Titled-Tuesday-Blitz-October-17-2023"]
[Site "Chess.com"]
[Date "2023.10.17"]
[Round "4"]
[White "angryspacevoid"]
[Black "AndresDelgado77"]
[Result "0-1"]
[WhiteElo "2495"]
[BlackElo "2339"]
[TimeControl "180+1"]
[EndTime "8:42:38 PDT"]
[Termination "AndresDelgado77 won on time"]

1. e4 e6 2. d4 d5 3. Nc3 Nf6 4. e5 Nfd7 5. f4 c5 6. Nf3 Nc6 7. Be3 Qb6 8. Na4 Qa5+ 9. c3 b6 10. a3 c4 11. Be2 Ba6 12. O-O Bb5 13. b3 cxb3 14. Nb2 Bxe2 15. Qxe2 Rc8 16. Rfc1 Bxa3 17. Qd1 Bxb2 18. Rxa5 Nxa5 19. Rb1 Bxc3 20. Bd2 O-O 21.
Rc1 Bb2 22. Rb1 Bc3 23. Qe1 Bxd2 24. Nxd2 Rc3 25. Nf3 Rfc8 26. Qd2 Rc2 27. Qb4 h6 28. Rxb3 Nxb3 29. Qxb3 Re2 30. Kf1 Rcc2 31. Ne1 Rb2 32. Qc3 Rf2+ 33. Kg1 Rfd2 34. h3 b5 35. Qc7 Nb6 36. f5 Rb1 37. Kf1 Rdd1 38. f6 Rxe1+ 39.
Kf2 Rec1 40. Qd8+ Kh7 41. Qe7 Rb3 42. Qxf7 Rc2+ 43. Kg1 Rg3 44. Qxe6 Rcxg2+ 45. Kf1 Nc4 46. Qf5+ Kh8 47. Qc8+ Kh7 48. f7 Ne3+ 49. Ke1 Nc2+ 50. Kd1 Ne3+ 51. Kc1 Rc2+ 52. Qxc2+ Nxc2 53. f8=Q Nxd4 54.
Qf2 Rc3+ 55. Kd1 Rd3+ 56. Ke1 Re3+ 57. Kf1 Rf3 58. Qxf3 Nxf3 59. e6 Kg6 60. Kf2 Ne5 61.
Ke3 Kf6 62. Kd4 Kxe6 0-1

[Event "Early-Titled-Tuesday-Blitz-October-17-2023"]
[Site "Chess.com"]
[Date "2023.10.17"]
[Round "4"]
[White "abc_xyz4744"]
[Black "Air-Conditioner07"]
[Result "1/2-1/2"]
[WhiteElo "2359"]
[BlackElo "2191"]
[TimeControl "180+1"]
[EndTime "8:42:39 PDT"]
[Termination "Game drawn by repetition"]

1. e4 e5 2. Nf3 Nc6 3. Bc4 Bc5 4.
c3 d6 5. d3 Nf6 6. Nbd2 a5 7. O-O O-O 8. h3 Ba7 9. Re1 Be6 10. Bb5 Ne7 11. Nf1 Ng6 12. Be3 c6 13.
Ba4 Bxe3 14. fxe3 d5 15. exd5 cxd5 16. Ng3 Qc7 17. Ng5 Bd7 18. Bxd7 Qxd7 19. Nh5 Nxh5 20. Qxh5 h6 21. Nf3 Rac8 22. Nxe5 Nxe5 23. Qxe5 Rfe8 24. Qd4 Qb5 25. Rf1 Qxb2 26. Qxd5 Re7 27. Rab1 Qxc3 28. Rxb7 Rxb7 29. Qxb7 Rc7 30. Qb8+ Rc8 31. Qa7 Rc7 32.
Qa8+ Rc8 33. Qe4 Qb2 34. Qd5 Rc7 35. Qxa5 Rd7 36. Qa8+ Kh7 37. Qe4+ g6 38. Qe8 Qb7 39. a4 Re7 40. Qf8 Qa7 41. d4 Qd7 42. a5 Qe6 43.
Kh1 h5 44. a6 Ra7 45. Rb1 Qxe3 46. Rb7 Rxb7 47. axb7 Qc1+ 48. Kh2 Qf4+ 49. Kg1 Qe3+ 50. Kh1 Qc1+ 51. Kh2 Qf4+ 52. Kg1 Qe3+ 53. Kf1 Qd3+ 54. Kf2 Qxd4+ 55. Ke2 Qe4+ 56. Kf2 Qxb7 57. Kg3 Qc7+ 58.
Kh4 Qf4+ 59. g4 Qf2+ 60. Kg5 Qe3+ 61. Kh4 Qf2+ 62. Kg5 Qe3+ 63. Kh4 Qf2+ 1/2-1/2

[Event "Early-Titled-Tuesday-Blitz-October-17-2023"]
[Site "Chess.com"]
[Date "2023.10.17"]
[Round "4"]
[White "MidnightFox"]
[Black "Eagle_2019"]
[Result "0-1"]
[WhiteElo "2481"]
[BlackElo "2723"]
[TimeControl "180+1"]
[EndTime "8:42:46 PDT"]
[Termination "Eagle_2019 won by checkmate"]

1. d4 d5 2. c4 e6 3. Nf3 Nf6 4.
g3 h6 5. Bg2 Bd6 6. O-O O-O 7.
b3 Nc6 8. Bb2 a5 9. Nbd2 a4 10.
bxa4 Bd7 11. Rb1 Nb4 12. c5 Bxa4 13. Nb3 Be7 14. Bc3 Nxa2 15. Bd2 Ne4 16. Rb2 Nac3 17. Bxc3 Nxc3 18. Qc2 Ne4 19. Nfd2 Nxd2 20. Qxd2 b6 21. Rc1 Bb5 22. Qc3 Bc4 23. e3 Ra3 24. Qb4 Rxb3 25.
Rxb3 bxc5 26. dxc5 Bxb3 27. Qxb3 Qb8 28. Qd3 Qb2 29.
Rc2 Qa1+ 30. Bf1 Rb8 31. Kg2 Qa5 32. c6 Bd6 33. Rc1 Qa3 34. Qxa3 Bxa3 35. Ra1 Bd6 36. Ra2 Kf8 37. Bd3 Ke7 38. Rc2 Rb3 39. Be2 Ra3 40. Bf3 f5 41. Be2 g5 42. Bh5 Ra6 43. h3 e5 44. Bg6 Ke6 45. Bh7 e4 46. Bg8+ Ke5 47.
Rd2 Ra5 48. Rc2 d4 49. exd4+ Kxd4 50. Bh7 f4 51. h4 f3+ 52. Kh3 gxh4 53. Kxh4 Be7+ 54.
Kg4 Rg5+ 55. Kh3 e3 56. fxe3+ Kxe3 57. Ra2 Bd6 58. g4 f2 59. Ra1 h5 60. gxh5 Rxh5+ 61. Kg2 Rxh7 62. Rf1 Rg7+ 63. Kh3 Ke2 64. Rxf2+ Kxf2 65. Kh4 Kf3 66. Kh5 Ke4 67. Kh6 Be5 68. Kh5 Kf5 69. Kh4 Rh7# 0-1

[Event "Early-Titled-Tuesday-Blitz-October-17-2023"]
[Site "Chess.com"]
[Date "2023.10.17"]
[Round "4"]
[White "KChor05TTV"]
[Black "ExcitingTrap"]
[Result "0-1"]
[WhiteElo "2676"]
[BlackElo "2447"]
[TimeControl "180+1"]
[EndTime "8:42:47 PDT"]
[Termination "ExcitingTrap won by checkmate"]

1. d4 Nf6 2. Nf3 d5 3. c4 e6 4. g3 dxc4 5. Bg2 c5 6. O-O Nc6 7. Qa4 Bd7 8. dxc5 Bxc5 9. Qxc4 Be7 10. Rd1 O-O 11. Bf4 Nd5 12. Bd2 Rc8 13. Nc3 Na5 14. Qd3 Nb4 15. Qb1 Nc4 16. Bf4 Bf6 17. Ne4 Bxb2 18.
Neg5 g6 19. a3 Nd5 20. Ra2 Ba4 21. Rd3 Bg7 22. Qxb7 Qa5 23. Bh3 Bc6 24. Qb3 Nxf4 25. gxf4 Nb6 26. Bxe6 fxe6 27. Qxe6+ Kh8 28. Nf7+ Rxf7 29.
Qxf7 Bd5 30. Rxd5 Qxd5 31. Qxd5 Nxd5 32. e3 Nc3 33. Rc2 Rb8 34. Kg2 h6 35. Rd2 Ne4 36. Rd7 Rb2 37. Nh4 Rxf2+ 38. Kg1 Kh7 39. Re7 Ra2 40.
Rxe4 Rxa3 41. Re6 g5 42. Nf5 gxf4 43. Re7 Kg6 44. Nxg7 Kf6 45. Rb7 fxe3 46. Nh5+ Kg5 47. Ng3 Ra2 48. Rb3 Kf4 49. Rb1 Kf3 50. Rf1+ Kg4 51. Re1 Kf3 52. Rf1+ Kg4 53. Ne4 e2 54. Re1 Kf3 55. Nc3 Rc2 56. Nb5 Ke3 57. Nd6 Rc5 58. Nf7 Rf5 59. Nxh6 Rg5+ 60. Kh1 Kf2 61.
Rc1 e1=Q+ 62. Rxe1 Kxe1 63. h3 Kf2 64. Kh2 Rg2+ 65.
Kh1 Kg3 66. Ng4 Ra2 67. Ne5 Ra1# 0-1

[Event "Early-Titled-Tuesday-Blitz-October-17-2023"]
[Site "Chess.com"]
[Date "2023.10.17"]
[Round "4"]
[White "Alphafischer2019"]
[Black "Anton_Demchenko"]
[Result "0-1"]
[WhiteElo "2594"]
[BlackElo "3017"]
[TimeControl "180+1"]
[EndTime "8:42:54 PDT"]
[Termination "Anton_Demchenko won on time"]

1. e4 e5 2. Nf3 Nc6 3. Nc3 Nf6 4. d4 exd4 5. Nxd4 Bb4 6. Nxc6 bxc6 7. Bd3 Qe7 8. O-O d6 9. Bg5 h6 10. Bh4 g5 11.
Bg3 Bg4 12. f3 Be6 13. a3 Bc5+ 14. Kh1 Nh5 15. Be1 Nf4 16. Ne2 Rg8 17. Bd2 Qf6 18. b4 Bb6 19. a4 Nxe2 20. Qxe2 Bd4 21. Rae1 Be5 22. Ba6 Rb8 23. Bc4 h5 24. Bxe6 Qxe6 25.
b5 c5 26. f4 gxf4 27. Bxf4 Bd4 28. Qxh5 Qg6 29. Qf3 f6 30. h3 Ke7 31. c3 Be5 32.
Bxe5 fxe5 33. Qe2 Rg7 34. Rf3 Rbg8 35. Ref1 Rh8 36. Qf2 Rhg8 37. Qe2 Rh7 38. Qf2 Rhg7 39. Qh4+ Kd7 40. Qf2 Kc8 41. Rf8+ Rxf8 42. Qxf8+ Kb7 43.
Qf3 Qe6 44. a5 Qc4 45. Qf8 Qxb5 46. Rf7 Rxf7 47. Qxf7 Qxa5 48. h4 Qa1+ 49. Kh2 Qxc3 50. h5 Qd2 51. Qg6 Qf4+ 52. g3 Qd2+ 53. Kh3 c4 54. h6 c3 55. Qf7 c2 56. Qb3+ Kc6 57.
Qc4+ Kb6 58. Qb3+ Kc5 59. Qa3+ Kd4 60. Qa4+ Kd3 61. Qb3+ Ke2 62. Qc4+ Ke1 63. h7 Qh6+ 64. Kg2 Kd2 65. Qd5+ Kc1 66. Qg8 Kb2 67. Qb8+ Kc1 0-1

[Event "Early-Titled-Tuesday-Blitz-October-17-2023"]
[Site "Chess.com"]
[Date "2023.10.17"]
[Round "4"]
[White "Levanzovsky"]
[Black "The_Machine04"]
[Result "0-1"]
[WhiteElo "2405"]
[BlackElo "2684"]
[TimeControl "180+1"]
[EndTime "8:42:54 PDT"]
[Termination "The_Machine04 won by resignation"]

1. e4 d6 2. d4 Nf6 3. Nc3 e5 4. Nf3 Nbd7 5. Bc4 Be7 6. dxe5 Nxe5 7. Nxe5 dxe5 8. Qxd8+ Bxd8 9. a4 c6 10. a5 Be7 11. f3 Bb4 12. Bd2 Ke7 13. Ra4 Bc5 14. Ke2 Be6 15. Be3 Bxe3 16. Kxe3 b5 17. axb6 axb6 18. Bxe6 Kxe6 19. Rha1 Rxa4 20. Rxa4 Nd7 21. Ra7 Kd6 22. b4 b5 23. Rb7 Ra8 24. Nd1 Ra6 25.
Nf2 Ke7 26. Nd3 Ra3 27. Kd2 Kd6 28. g3 f6 29. f4 h5 30. fxe5+ fxe5 31. Nc5 Nxc5 32.
bxc5+ Kxc5 33. Rxg7 Kd4 34. Rg5 Rf3 35. Rxh5 Rf2+ 36.
Kd1 Kxe4 37. Rh6 c5 38. h4 Ke3 39. Kc1 e4 40. h5 Rf1+ 41. Kb2 Rh1 42. g4 Kf4 43. Rc6 Kxg4 44. Rxc5 Rxh5 45. Rc8 e3 46. Kc3 Kf4 47. Kd3 Rd5+ 48. Ke2 Rd2+ 49. Ke1 Rh2 50. Rb8 Kf3 51. Rf8+ Ke4 52. Re8+ Kd4 53. Rb8 Kc4 54. Rc8+ Kb4 55. Re8 Rxc2 56. Rxe3 Rc3 57. Re4+ Kb3 58.
Kd2 Rc2+ 59. Kd1 Rc7 60. Re3+ Kb2 61. Re4 Rc4 62. Re2+ Kb1 63. Re3 b4 64. Kd2 Kb2 65. Re8 Rd4+ 66. Ke3 Rd6 67. Rb8 b3 68. Rc8 Kb1 69.
Ke2 b2 70. Ke1 Rd5 71. Rb8 Rd4 72. Ke2 Kc2 73. Rc8+ Kb3 74. Rb8+ Rb4 0-1